 Dungeon Crawl Stone Soup version 0.24-b1 (webtiles) character file.

Game seed: 16812891906929898161, levelgen mode: deterministic

21831 Flugkiller the Martial Artist (level 12, -11/82 HPs)
             Began as an Octopode Assassin on Oct 13, 2019.
             Was a High Priest of Ru.
             Mangled by a catoblepas (16 damage)
             ... while petrified by you
             ... on level 5 of the Lair of Beasts.
             The game lasted 00:40:08 (16063 turns).

Flugkiller the Martial Artist (Octopode Assassin)  Turns: 16063, Time: 00:40:09

Health: -11/82     AC:  1    Str: 10    XL:     12   Next: 94%
Magic:  0/15       EV:  2    Int: 17    God:    Ru [*****.]
Gold:   586        SH:  0    Dex: 26    Spells: 4/15 levels left

rFire    . . .     SeeInvis +   j - +6 short sword (protect)
rCold    x . .     Gourm    .   (helmet restricted)
rNeg     + + +     Faith    .   V - amulet of guardian spirit
rPois    ∞         Spirit   +   W - ring of wizardry
rElec    +         Reflect  .   t - ring of poison resistance
rCorr    .         Harm     .   v - ring of see invisible
MR       .....                  H - +3 ring of intelligence
Stlth    ++++++....             y - ring of protection from fire
HPRegen  0.23/turn              h - ring "Lamuir Hedua" {Wiz rElec MR- Dex+8}
MPRegen  0.14/turn              Q - ring of stealth

@: exhausted, petrified, lightly drained
A: almost no armour, stealthy swim, amphibious, 7 rings, constrict 7, camouflage
1, gelatinous body 1, missing a hand, temperature sensitive
a: Sacrifice Love, Sacrifice Essence, Sacrifice an Eye, Reject Sacrifices, Draw
Out Power, Power Leap, Apocalypse, Renounce Religion


You were on level 5 of the Lair of Beasts.
You worshipped Ru.
Ru was extremely pleased with you.
You were not hungry.

You visited 2 branches of the dungeon, and saw 13 of its levels.
You also visited: Ossuary and Gauntlet.

You collected 863 gold pieces.
You spent 277 gold pieces at shops.

Inventory:

Hand Weapons
 e - the +7 dagger "Globulus" {pierce, rPois MP+9}
   (You found it on level 8 of the Dungeon)

   It inflicts extra damage upon your enemies.
   It protects you from poison.
   It affects your magic capacity (+9).
 j - a +6 short sword of protection (weapon)
   (You found it on level 1 of the Dungeon)
Missiles
 b - 37 poisoned darts (quivered)
 D - 171 arrows
 G - 2 throwing nets
 N - a curare-tipped dart
 O - 17 javelins
Jewellery
 h - the ring "Lamuir Hedua" (on tentacle) {Wiz rElec MR- Dex+8}
   (You took it off a minotaur in a Gauntlet)

   [ring of wizardry]

   It improves your spell success rate.
   It affects your dexterity (+8).
   It insulates you from electricity.
   It affects your resistance to hostile enchantments.
 t - a ring of poison resistance (right tentacle)
   (You found it on level 3 of the Dungeon)
 v - a ring of see invisible (on tentacle)
   (You found it on level 1 of the Lair of Beasts)
 y - a ring of protection from fire (on tentacle)
   (You found it in a Gauntlet)
 H - a +3 ring of intelligence (on tentacle)
   (You found it on level 1 of the Lair of Beasts)
 M - the amulet of Jioh {Inacc rPois Int+2 Dex+5}
   (You found it in a Gauntlet)

   [amulet of inaccuracy]

   It reduces the accuracy of all your attacks.
   It affects your intelligence (+2).
   It affects your dexterity (+5).
   It protects you from poison.
 Q - a ring of stealth (on tentacle)
   (You found it in a Gauntlet)
 V - an amulet of guardian spirit (around mantle)
   (You found it on level 4 of the Lair of Beasts)
 W - a ring of wizardry (left tentacle)
   (You found it on level 4 of the Lair of Beasts)
Wands
 c - a wand of enslavement (5)
   (You found it on level 1 of the Lair of Beasts)
 w - a wand of paralysis (13)
   (You found it on level 4 of the Dungeon)
 A - a wand of clouds (2)
   (You found it on level 5 of the Dungeon)
 F - a wand of flame (11)
   (You took it off Pikel on level 6 of the Dungeon)
 K - a wand of iceblast (12)
   (You found it on level 2 of the Lair of Beasts)
 P - a wand of disintegration (12)
   (You found it in a Gauntlet)
Scrolls
 a - 4 scrolls of enchant armour
 f - a scroll of brand weapon
 i - 3 scrolls of remove curse
 n - 4 scrolls of magic mapping
 x - 2 scrolls of immolation
 B - 3 scrolls of blinking
 C - 5 scrolls of teleportation
 I - 2 scrolls of identify
 L - 2 scrolls of summoning
Potions
 g - 5 potions of flight
 k - 6 potions of curing
 l - 6 potions of might
 m - a potion of brilliance
 o - 6 potions of lignification
 p - 3 potions of haste
 q - 2 potions of mutation
 r - a potion of magic
 s - 3 potions of agility
 z - a potion of resistance
 E - 4 potions of cancellation
 J - 2 potions of heal wounds
Miscellaneous
 S - a phantom mirror
 T - a phial of floods
   (You found it in a Gauntlet)
 U - a sack of spiders
Comestibles
 d - 15 rations
 u - 3 chunks of flesh


   Skills:
 - Level 8.0(7.6) Fighting
 - Level 2.0(1.6) Short Blades
 - Level 2.0(1.6) Throwing
 + Level 10.9(10.5) Dodging
 + Level 5.6(5.3) Stealth
 * Level 11.0(10.6) Unarmed Combat
 - Level 2.3(2.0) Spellcasting
 - Level 10.0(9.6) Transmutations
 - Level 5.1(4.8) Evocations


You had 4 spell levels left.
You knew the following spells:

 Your Spells              Type           Power        Failure   Level  Hunger
b - Sticks to Snakes      Tmut           ####....     1%          2    ###....
d - Ice Form              Ice/Tmut       ###.....     7%          4    #####..
e - Blade Hands           Tmut           ####......   3%          5    ######.

Your spell library contained the following spells:

 Spells                   Type           Power        Failure   Level  Hunger
 Beastly Appendage        Tmut           ####..       1%          1    #......
 Spider Form              Tmut/Pois      ###.......   2%          3    ###....
 Animate Skeleton         Necr           N/A          5%          1    #......
 Corona                   Hex            #......      5%          1    #......
 Magic Dart               Conj           #...         5%          1    #......
 Pain                     Necr           #...         5%          1    #......
 Ensorcelled Hibernation  Hex/Ice        #.....       8%          2    ###....
 Searing Ray              Conj           #.....       8%          2    ###....
 Confuse                  Hex            #.......     16%         3    ###....
 Dazzling Spray           Conj/Hex       #.....       16%         3    ###....
 Regeneration             Chrm/Necr      #.........   16%         3    ###....
 Tukima's Dance           Hex            #.......     16%         3    ###....
 Vampiric Draining        Necr           #.........   16%         3    ###....
 Animate Dead             Necr           N/A          41%         4    #####..
 Force Lance              Conj/Tloc      #.......     41%         4    #####..
 Fulminant Prism          Conj/Hex       #.........   41%         4    #####..
 Iskenderun's Mystic Bla  Conj           #.......     41%         4    #####..
 Bolt of Magma            Conj/Fire/Erth #.........   75%         5    ######.
 Iskenderun's Battlesphe  Conj/Chrm      #.......     75%         5    ######.
 Venom Bolt               Conj/Pois      #.........   75%         5    ######.
 Iron Shot                Conj/Erth      #.........   99%         6    #######
 Orb of Destruction       Conj           #.........   100%        7    #######
 Spellforged Servitor     Conj/Summ      #.........   100%        7    #######


Dungeon Overview and Level Annotations

Branches:
Dungeon (8/15)             Temple (0/1) D:7            Lair (5/6) D:8
 Shoals (0/4) Lair:3        Snake (0/4) Lair:3      Ossuary (visited)
Gauntlet (visited)
  Slime: Lair:5-6

Altars:
Ru
Trog
Uskayaw
Vehumet
Wu Jian

Shops:
D:5 ?   D:7 %   D:8 **

Annotations:
D:2 exclusion: zombie
D:6 Grinder, Sigmund
Lair:4 exclusion: oklob plant


Innate Abilities, Weirdness & Mutations

You cannot wear most types of armour.
You are very stealthy in the water. (Stealth+)
You are amphibious.
You can wear up to seven rings at the same time.
You can use your tentacles to constrict seven enemies at once.
Your skin changes colour to match your surroundings (Stealth+).
Your rubbery body absorbs attacks. (AC +1, EV +1)
You are missing a hand.
You are sensitive to extremes of temperature. (rF-, rC-)


Message History

The komodo dragon stops moving altogether!
The catoblepas breathes a plume of calcifying dust at you.
The blast of calcifying dust hits you!
The komodo dragon is engulfed in calcifying dust.
The komodo dragon is engulfed in calcifying dust. x2
Unknown command.
You slice the catoblepas!!
You slash the catoblepas, but do no damage.
You squeeze the catoblepas.
The catoblepas is moderately wounded.
Your transformation is almost over.
The catoblepas begins to attack, but is stunned by your will!
You are restored by drawing out deep reserves of power within.
You feel drained.
The catoblepas breathes a plume of calcifying dust at you.
The blast of calcifying dust hits you.
You slash the catoblepas! You slash the catoblepas.
You squeeze the catoblepas, but do no damage.
The catoblepas is heavily wounded.
You are engulfed in calcifying dust.
You are slowing down.
The catoblepas gores you!
The catoblepas breathes a plume of calcifying dust at you.
The blast of calcifying dust hits you!
Your limbs are stiffening.
Unknown command.
Unknown command.
The catoblepas breathes a plume of calcifying dust at you.
The blast of calcifying dust hits you.
You have turned to stone.
You are engulfed in calcifying dust.
The catoblepas gores you!
You are engulfed in calcifying dust.
The catoblepas gores you!
You are engulfed in calcifying dust.
The catoblepas gores you!!
* * * LOW HITPOINT WARNING * * *
You are engulfed in calcifying dust.
You redirect the catoblepas's attack!
The catoblepas gores itself!!
Your tentacle reverts to its normal proportions.
Your +6 short sword of protection unmelds from your body.
Your +6 short sword of protection hums with potential!
The catoblepas gores you!!
* * * LOW HITPOINT WARNING * * *
The komodo dragon is no longer petrified.
The catoblepas begins to attack, but is stunned by your will!
The catoblepas gores you!!
* * * LOW HITPOINT WARNING * * *
The catoblepas gores you!!
* * * LOW HITPOINT WARNING * * *
The catoblepas gores you!!
You die...

..##...##....##.#..##.#....#.....
...>.............................
............................#....
..#.P..#..#.............P#.#...##
###.#####..........##..####.##
###..##..#.........##.P.##P#..###
##............................#..
.#...............................
...............Y@................
#..###.........l.....÷.........(.
..###..P#..#..#.###.#.##....##...
### #...######### ##.####.P##.#.#
# #...# ### ######### # ##.## #
######## #### #.P##P###
.P###...##.# #..###........
............ ..P.#.........
.....(......


You could see a catoblepas and a komodo dragon.

Vanquished Creatures
  A minotaur (Gauntlet)
  A hydra (Lair:3)
  Pikel (D:6)
  Joseph (D:7)
  A moth of wrath (Gauntlet)
  4 elephants (Lair:3)
  2 merfolk sirens (Lair:3)
  A black mamba (Lair:2)
  4 spiny frogs
  A rime drake (Lair:2)
  6 komodo dragons
  An ice devil (Gauntlet)
  2 merfolk (Lair:3)
  A troll (D:8)
  A polar bear (Lair:3)
  9 blink frogs
  6 dream sheep (Lair:4)
  6 hippogriffs
  A centaur simulacrum (Gauntlet)
  15 yaks
  2 basilisks
  3 nagas (Lair:3)
  5 water moccasins
  5 porcupines
  5 orc warriors
  3 slaves (D:5)
  3 ice beasts
  An ogre (D:8)
  21 wolves
  3 centaurs
  5 crocodiles
  7 bullfrogs
  A water moccasin zombie (Ossuary)
  A scorpion (D:5)
  2 electric eels (D:8)
  2 crimson imps (D:6)
  2 centaur zombies
  4 hounds
  A wyvern simulacrum (Gauntlet)
  A centaur skeleton (D:6)
  3 jellies
  5 orc priests
  A bullfrog skeleton (D:5)
  Jessica (D:2)
  An iguana (D:5)
  6 orc wizards
  9 worker ants
  2 big kobold zombies (Ossuary)
  A bullfrog simulacrum (Gauntlet)
  A hound zombie (D:6)
  2 hound skeletons
  2 mummies (Ossuary)
  2 worker ant zombies
  4 gnolls (D:2)
  5 adders
  2 shadow imps
  An ooze (D:1)
  An adder skeleton (D:8)
  5 adder zombies
  A worm (D:2)
  A dart slug (D:1)
  6 leopard geckos
  40 orcs
  2 ball pythons
  10 bats
  3 giant cockroaches
  3 gnoll zombies (Ossuary)
  6 goblins
  8 hobgoblins
  4 jackals (D:5)
  9 kobolds
  5 quokkas
  5 frilled lizards
  3 hobgoblin zombies (Ossuary)
  A jackal skeleton (D:4)
  6 kobold zombies (Ossuary)
  A leopard gecko skeleton (D:4)
  4 orc zombies (Ossuary)
  A quokka skeleton (D:7)
  6 rats
  A butterfly (D:7)
  6 fungi (Lair:3)
328 creatures vanquished.

Vanquished Creatures (collateral kills)
  A hydra (Lair:3)
  A yak (Lair:5)
2 creatures vanquished.

Vanquished Creatures (others)
  A slave (D:6)
  A crocodile (Lair:4)
  2 fungi (Lair:1)
  4 plants
8 creatures vanquished.

Grand Total: 338 creatures vanquished

Notes
Turn   | Place    | Note
-------+----------+-------------------------------------------
     0 | D:1      | Flugkiller the Octopode Assassin began the quest for the
                  | Orb.
     0 | D:1      | Reached XP level 1. HP: 14/14 MP: 1/1
    92 | D:1      | Reached XP level 2. HP: 10/20 MP: 2/2
   836 | D:1      | Reached XP level 3. HP: 16/25 MP: 3/3
  1745 | D:2      | Noticed Jessica
  1752 | D:2      | Killed Jessica
  1752 | D:2      | Reached XP level 4. HP: 31/31 MP: 4/4
  2191 | D:2      | Reached XP level 5. HP: 35/37 MP: 5/5
  2632 | D:3      | Found a bloodstained altar of Trog.
  2798 | D:3      | Found a bloodstained altar of Trog.
  3098 | D:4      | Reached XP level 6. HP: 39/44 MP: 6/6
  3284 | D:4      | Noticed an ice beast
  3293 | D:4      | Killed an ice beast
  3314 | D:4      | Reached skill level 5 in Fighting
  3585 | D:4      | Reached skill level 5 in Dodging
  3585 | D:4      | Reached skill level 1 in Evocations
  3585 | D:4      | Reached XP level 7. HP: 49/50 MP: 7/7
  3831 | D:5      | Entered Level 5 of the Dungeon
  3991 | D:5      | Found a radiant altar of Vehumet.
  4413 | D:5      | Found Tannah's Magic Scroll Shoppe.
  4425 | D:5      | Bought a scroll of blinking for 82 gold pieces
  4425 | D:5      | Bought a scroll of teleportation for 33 gold pieces
  4425 | D:5      | Bought a scroll of identify for 22 gold pieces
  4425 | D:5      | Bought a scroll of identify for 22 gold pieces
  4425 | D:5      | Bought a scroll of identify for 22 gold pieces
  4725 | D:5      | Reached skill level 5 in Evocations
  4896 | D:5      | Reached XP level 8. HP: 55/55 MP: 11/11
  5277 | D:5      | Reached skill level 1 in Shields
  5500 | D:6      | Found a sand-covered staircase.
  5502 | D:6      | Noticed Pikel
  5755 | D:6      | Found a sacrificial altar of Ru.
  5773 | D:6      | Became a worshipper of Ru the Awakened
  5792 | D:6      | Noticed Grinder
  5896 | Ossuary  | Entered an ossuary
  6251 | D:6      | Found a hide-covered altar of Uskayaw.
  6346 | D:6      | Learned a level 2 spell: Sticks to Snakes
  6728 | D:6      | Killed Pikel
  6728 | D:6      | Reached XP level 9. HP: 43/62 MP: 12/12
  6991 | D:6      | Noticed Sigmund
  8100 | D:7      | Found a staircase to the Ecumenical Temple.
  8112 | D:7      | Found a sacrificial altar of Ru.
  8158 | D:7      | Gained mutation: You are sensitive to extremes of
                  | temperature. (rF-, rC-) [Ru sacrifice]
  8158 | D:7      | Reached * piety under Ru
  8158 | D:7      | Reached ** piety under Ru
  8217 | D:7      | Found Huecwevi's Food Shoppe.
  8459 | D:7      | Reached skill level 1 in Transmutations
  8483 | D:8      | Noticed a troll
  8638 | D:7      | Noticed Joseph
  8736 | D:7      | Killed Joseph
  9068 | D:8      | Reached XP level 10. HP: 61/68 MP: 13/13
  9087 | D:8      | Reached skill level 5 in Transmutations
  9264 | D:8      | Found a staircase to the Lair.
  9615 | D:8      | Got a crystal dagger
  9627 | D:8      | Identified the +7 dagger "Globulus" {pierce, rPois MP+9}
                  | (You found it on level 8 of the Dungeon)
  9713 | D:8      | Found Ximuuv's General Store.
  9872 | D:8      | Found Zucesk's General Store.
  9877 | D:8      | Bought 2 potions of agility for 96 gold pieces
 10208 | D:8      | Found an ornate altar of the Wu Jian Council.
 10305 | Lair:1   | Entered Level 1 of the Lair of Beasts
 10324 | Lair:1   | Reached skill level 1 in Unarmed Combat
 10667 | D:8      | Reached skill level 2 in Unarmed Combat
 10824 | Lair:1   | Reached skill level 3 in Unarmed Combat
 11139 | Lair:1   | Reached skill level 4 in Unarmed Combat
 11307 | Lair:1   | Reached XP level 11. HP: 56/72 MP: 14/14
 11490 | Lair:1   | Reached skill level 5 in Unarmed Combat
 11498 | Lair:1   | Gained mutation: You are missing a hand. [Ru sacrifice]
 11498 | Lair:1   | Reached *** piety under Ru
 11498 | Lair:1   | Reached **** piety under Ru
 11498 | Lair:1   | Reached ***** piety under Ru
 11904 | Lair:2   | Found a gate leading to a gauntlet.
 11964 | Gauntlet | Entered a Gauntlet
 11964 | Gauntlet | Found a transporter.
 11973 | Gauntlet | Noticed a moth of wrath
 11977 | Gauntlet | Found a transporter.
 11985 | Gauntlet | Found a transporter.
 11987 | Gauntlet | Found a transporter.
 11993 | Gauntlet | Found a runed translucent gate.
 11993 | Gauntlet | Found a runed translucent gate.
 11993 | Gauntlet | Found a runed translucent gate.
 11993 | Gauntlet | Noticed a blizzard demon
 11995 | Gauntlet | Found a transporter.
 12017 | Gauntlet | Found a transporter.
 12026 | Gauntlet | Noticed an entropy weaver
 12027 | Gauntlet | Found a transporter.
 12035 | Gauntlet | Noticed a wolf spider
 12037 | Gauntlet | Found a transporter.
 12040 | Gauntlet | Noticed a fire crab
 12057 | Gauntlet | Found a transporter.
 12071 | Gauntlet | Found a transporter.
 12072 | Gauntlet | Found a transporter.
 12119 | Gauntlet | Found a transporter.
 12137 | Gauntlet | Found a transporter.
 12140 | Gauntlet | Found a runed translucent door.
 12150 | Gauntlet | Found a transporter.
 12347 | Gauntlet | Killed a moth of wrath
 12351 | Gauntlet | Reached skill level 6 in Unarmed Combat
 12562 | Gauntlet | Learned a level 5 spell: Blade Hands
 12567 | Gauntlet | Learned a level 4 spell: Ice Form
 12599 | Gauntlet | Got a wavering golden amulet
 12648 | Gauntlet | Identified the amulet of Jioh {Inacc rPois Int+2 Dex+5}
                  | (You found it in a Gauntlet)
 12681 | Gauntlet | Identified the ring "Lamuir Hedua" {Wiz rElec MR- Dex+8}
 12681 | Gauntlet | Noticed a minotaur
 12691 | Gauntlet | Killed a minotaur
 12881 | Lair:2   | Reached skill level 7 in Unarmed Combat
 12881 | Lair:2   | Reached skill level 10 in Transmutations
 13451 | Lair:3   | Found a staircase to the Shoals.
 13471 | Lair:3   | Reached skill level 8 in Unarmed Combat
 13597 | Lair:3   | Noticed a four-headed hydra
 13649 | Lair:3   | Killed a four-headed hydra
 13658 | Lair:3   | Found a staircase to the Snake Pit.
 13824 | Lair:3   | Reached XP level 12. HP: 80/80 MP: 9/15
 13979 | Lair:3   | Noticed an eight-headed hydra
 13989 | Lair:3   | Reached skill level 10 in Dodging
 13989 | Lair:3   | Reached skill level 9 in Unarmed Combat
 14000 | Lair:3   | Killed an eight-headed hydra
 15094 | Lair:4   | Reached skill level 10 in Unarmed Combat
 16009 | Lair:5   | Noticed a catoblepas
 16028 | Lair:5   | Reached skill level 11 in Unarmed Combat
 16063 | Lair:5   | Mangled by a catoblepas

Skill      XL: |  1  2  3  4  5  6  7  8  9 10 11 12 |
---------------+-------------------------------------+-----
Dodging        | 2 3 4 5 6 9 10 | 10.9
Fighting       | 3 4 5 6 8 |  8.0
Evocations     | 1 5 |  5.1
Shields        | 4 0 |  0.0
Spellcasting   | 2 |  2.3
Transmutations | 4 8 10 | 10.0
Unarmed Combat | 4 8 11 | 11.0
Short Blades   | |  2.0
Throwing       | |  2.0
Stealth        | |  5.6

Action                   |  1- 3 |  4- 6 |  7- 9 | 10-12 || total
-------------------------+-------+-------+-------+-------++-------
Melee: Dagger            |    50 |       |       |       ||    50
       Tentacles         |     9 |    14 |    75 |   118 ||   216
       Constrict         |    12 |    27 |    71 |    54 ||   164
       Short sword       |    19 |   114 |   278 |   280 ||   691
       Punch             |       |       |       |    28 ||    28
       Unarmed           |       |       |       |   107 ||   107
Throw: Dart              |     2 |    10 |    12 |     5 ||    29
 Cast: Sticks to Snakes  |       |       |       |    13 ||    13
       Blade Hands       |       |       |       |    13 ||    13
       Ice Form          |       |       |       |     1 ||     1
Invok: Sacrifice Resista |       |       |     1 |       ||     1
       Draw Out Power    |       |       |       |     3 ||     3
       Power Leap        |       |       |       |     2 ||     2
       Apocalypse        |       |       |       |     2 ||     2
       Sacrifice a Hand  |       |       |       |     1 ||     1
Evoke: Wand              |       |       |    12 |    12 ||    24
  Use: Scroll            |       |     6 |    14 |     9 ||    29
       Potion            |       |       |       |     2 ||     2
 Stab: Sleeping          |     8 |    15 |    25 |    17 ||    65
       Distracted        |     2 |     1 |     2 |     4 ||     9
       Paralysed         |       |       |     7 |     8 ||    15
       Invisible         |       |       |     1 |       ||     1
  Eat: Chunk             |     3 |     5 |    11 |    24 ||    43
       Ration            |       |       |     2 |     1 ||     3
Armor: Skin              |     8 |    26 |    26 |    22 ||    82
Dodge: Dodged            |    37 |    95 |   175 |   250 ||   557
Block: Buckler           |       |       |    49 |    38 ||    87
